 Dungeon Crawl Stone Soup version 0.24.1 (webtiles) character file.

Game seed: 3658803144728946375, levelgen mode: deterministic

807 Peloso the Slasher (level 7, -5/61 HPs)
             Began as a Minotaur Fighter on Apr 7, 2020.
             Slain by an ogre
             ... wielding a +0 giant spiked club
              (6 damage)
             ... on level 4 of the Dungeon.
             The game lasted 00:08:49 (3479 turns).

Peloso the Slasher (Minotaur Fighter)               Turns: 3479, Time: 00:08:49

Health: -5/61      AC:  8    Str: 21    XL:     7   Next: 60%
Magic:  6/6        EV:  6    Int:  5    God:
Gold:   231        SH: 15    Dex: 11    Spells: 6/6 levels left

rFire    . . .     SeeInvis .   a - +0 long sword
rCold    . . .     Gourm    .   c - +0 large shield
rNeg     . . .     Faith    +   b - +0 scale mail
rPois    .         Spirit   .   (helmet restricted)
rElec    .         Reflect  .   (no cloak)
rCorr    .         Harm     .   h - +0 pair of gloves
MR       .....                  (no boots)
Stlth    ..........             s - amulet of faith
HPRegen  0.20/turn              (no ring)
MPRegen  0.10/turn              (no ring)

@: no status effects
A: retaliatory headbutt, horns 2
a: no special abilities


You were on level 4 of the Dungeon.
You were very full.

You visited 1 branch of the dungeon, and saw 6 of its levels.

You collected 231 gold pieces.

Inventory:

Hand Weapons
 a - a +0 long sword (weapon)
Armour
 b - a +0 scale mail (worn)
 c - a +0 large shield (worn)
 h - a +0 pair of gloves (worn)
Jewellery
 r - an uncursed amulet of the gourmand
 s - an amulet of faith (around neck)
Wands
 p - a wand of iceblast (4)
 u - a wand of random effects (12)
Scrolls
 e - a scroll of teleportation
 i - a scroll of remove curse
 k - 5 scrolls of identify {unknown}
 l - a scroll of fear {unknown}
 m - a scroll of random uselessness {unknown}
 q - a scroll of fog {unknown}
 t - a scroll of enchant armour {unknown}
Potions
 d - 2 potions of might
 g - 3 potions of curing {unknown}
 j - 3 potions of haste {unknown}
 n - 2 potions of cancellation {unknown}
 o - 2 potions of flight {unknown}
Comestibles
 f - 10 rations


   Skills:
 + Level 5.4 Fighting
 + Level 7.2 Long Blades
 + Level 5.0 Armour
 + Level 1.4 Dodging
 + Level 0.9 Stealth
 + Level 6.0 Shields
 + Level 0.1 Evocations


You had 6 spell levels left.
You didn't know any spells.
Your spell library was empty.

Dungeon Overview and Level Annotations

Branches:
Dungeon (6/15)
 Temple: D:4-7

Altars:
Cheibriados
Hepliaklqana
Ru
Trog


Innate Abilities, Weirdness & Mutations

You reflexively headbutt those who attack you in melee.
You have a pair of horns on your head.


Message History

The ogre is heavily wounded.
The ogre hits you with a +0 giant spiked club!
You completely miss the ogre.
The ogre is heavily wounded.
You closely miss the ogre.
The ogre is heavily wounded.
You block the ogre's attack.
You closely miss the ogre.
The ogre is heavily wounded.
The ogre hits you with a +0 giant spiked club!!
Ouch! That really hurt!
* * * LOW HITPOINT WARNING * * *
You hit the ogre.
The ogre is heavily wounded.
The ogre hits you with a +0 giant spiked club!
* * * LOW HITPOINT WARNING * * *
You hit the ogre.
The ogre is severely wounded.
The ogre hits you with a +0 giant spiked club.
You die...

#.# #.# #.# #.# #.#
..... ##### ### #.#
...... ##...##
...######.# ......
#.....#####.....##....#
.....# #..#.....@O..#
####.# .....#
#.....#####.%...#####.#
.....# ##...##
...###....#
.....#####.## .##
#.#### .....'...#.# #
#.# .....##..'.# #.#
.....#####.# #.######
.....# ##†## #......#
.....# #...# #######.#


You could see an ogre.

Vanquished Creatures
  Sigmund (D:5)
  Edmund (D:5)
  A sky beast (D:5)
  Blork the orc (D:5)
  A crimson imp (D:4)
  An orc priest (D:4)
  An orc wizard (D:4)
  A bullfrog skeleton (D:6)
  2 worker ants
  A hound zombie (D:5)
  9 adders
  An ooze (D:3)
  2 adder zombies
  An adder skeleton (D:4)
  3 worms
  3 dart slugs
  3 leopard geckos
  6 orcs
  6 giant cockroaches
  8 goblins
  6 hobgoblins
  13 kobolds
  3 quokkas
  A ball python (D:2)
  8 bats
  6 frilled lizards
  A leopard gecko skeleton (D:4)
  9 rats
100 creatures vanquished.

Notes
Turn   | Place    | Note
-------+----------+-------------------------------------------
     0 | D:1      | Peloso the Minotaur Fighter began the quest for the Orb.
     0 | D:1      | Reached XP level 1. HP: 19/19 MP: 0/0
   124 | D:1      | Reached XP level 2. HP: 27/27 MP: 1/1
   394 | D:1      | Reached skill level 3 in Long Blades
   411 | D:1      | Reached XP level 3. HP: 33/33 MP: 2/2
   777 | D:2      | Found a sacrificial altar of Ru.
   887 | D:2      | Reached XP level 4. HP: 28/40 MP: 3/3
  1521 | D:2      | Reached skill level 1 in Dodging
  1630 | D:2      | Found a bloodstained altar of Trog.
  1662 | D:3      | Found a snail-covered altar of Cheibriados.
  1707 | D:3      | Reached skill level 4 in Long Blades
  1707 | D:3      | Reached XP level 5. HP: 46/46 MP: 4/4
  1897 | D:3      | You fall into a shaft and drop 3 floors!
  1964 | D:5      | Entered Level 5 of the Dungeon
  1972 | D:5      | Noticed Sigmund
  1989 | D:5      | Killed Sigmund
  1989 | D:5      | Reached skill level 5 in Long Blades
  1989 | D:5      | Reached skill level 5 in Shields
  1989 | D:5      | Reached XP level 6. HP: 32/53 MP: 5/5
  2065 | D:5      | Noticed Edmund
  2073 | D:5      | Killed Edmund
  2073 | D:5      | Reached skill level 6 in Long Blades
  2085 | D:5      | Noticed Blork the orc
  2095 | D:5      | Killed Blork the orc
  2095 | D:5      | Reached XP level 7. HP: 19/60 MP: 6/6
  2131 | D:5      | Reached skill level 5 in Fighting
  2838 | D:4      | Reached skill level 5 in Armour
  3075 | D:3      | Found a hazy altar of Hepliaklqana.
  3205 | D:3      | Reached skill level 7 in Long Blades
  3478 | D:4      | HP: 1/61 [ogre/+0 giant spiked club (7)]
  3479 | D:4      | Slain by an ogre

Levels and vault maps discovered:
D:1:      giann_horns, layout_loops_ring
D:2:      layout_basic, lemuel_crystal_altar, lightli_temple_of_fire,
          minmay_tetromino_i4
D:3:      layout_loops_ring, lemuel_crystal_altar, cheibriados_altar_1
D:4:      minmay_octagon_keep, layout_basic
D:5:      layout_loops_ring, first_ration, uniq_edmund, uniq_sigmund,
          uniq_blork_the_orc
D:6:      layout_loops_ring, temple_doors_e, mrwooster_statue_mirror,
          kennysheep_minor_cross, uniq_pikel, uniq_prince_ribbit1, uniq_grinder

Skill      XL: |  1  2  3  4  5  6  7 |
---------------+----------------------+-----
Shields        | 4 5 6 |  6.0
Fighting       | 4 5 |  5.4
Long Blades    | 3 4 5 6 7 |  7.2
Armour         | 4 5 |  5.0
Dodging        | 1 |  1.4
Stealth        | |  0.9
Evocations     | |  0.1

Action                   |  1- 3 |  4- 6 |  7- 9 || total
-------------------------+-------+-------+-------++-------
Melee: Long sword        |    90 |    93 |    98 ||   281
       Headbutt          |    15 |    16 |    23 ||    54
Evoke: Wand              |       |     2 |     1 ||     3
  Use: Potion            |     4 |       |       ||     4
       Scroll            |       |       |     3 ||     3
  Eat: Chunk             |       |    11 |     6 ||    17
Armor: Scale mail        |    49 |    30 |    35 ||   114
       Skin              |    10 |       |       ||    10
Dodge: Dodged            |    36 |    18 |    16 ||    70
Block: Shield            |    39 |       |       ||    39
       Large shield      |    12 |    54 |    49 ||   115
       Rpst.: Long sword |     7 |     3 |     5 ||    15
